 Dungeon Crawl Stone Soup version 0.31-a0-1172-g9944ec47dd (webtiles) character file.

Game seed: 15131799260503352772

3336 bmb222 the Blocker (level 10, -5/77 HPs)
             Began as a Formicid Fighter on Dec 10, 2023.
             Was a Believer of Okawaru.
             Slain by an orc warrior
             ... wielding a +0 broad axe
              (7 damage)
             ... in a bailey.
             The game lasted 00:11:21 (8508 turns).

bmb222 the Blocker (Formicid Fighter)               Turns: 8508, Time: 00:11:21

Health: -5/77      AC: 13    Str: 25    XL:     10   Next: 22%
Magic:  10/10      EV: 10    Int:  8    God:    Okawaru [**....]
Gold:   571        SH: 11    Dex: 13    Spells: 9/9 levels left

rFire   . . .        u - +0 broad axe
rCold   . . .        c - +0 buckler
rNeg    + . .        z - +0 chain mail
rPois   .            (helmet unavailable)
rElec   .            (no cloak)
rCorr   .            q - +0 pair of gloves
SInv    +            l - +0 pair of boots
Will    ++...        p - amulet of reflection Stlth
                     v - ring of willpower
HPRegen 0.32/turn    w - ring of positive energy
MPRegen 0.12/turn

%: reflection
@: no status effects
A: permanent stasis, dig shafts and tunnels, antennae 3, four strong arms
a: Dig, Renounce Religion, Heroism


You were in a bailey.
You worshipped Okawaru.
Okawaru was pleased with you.
You visited 2 branches of the dungeon, and saw 9 of its levels.
You also visited: Bailey.

You collected 571 gold pieces.

Inventory:

Hand Weapons
 a - a +0 war axe
 t - the +5 quarterstaff of Zin's Generosity {heavy, rN+ rCorr Dex+3}
   (You found it on level 3 of the Dungeon)

   Dex+3:     It affects your dexterity (+3).
   rN+:       It protects you from negative energy.
   rCorr:     It protects you from acid and corrosion.
 u - a +0 broad axe (weapon)
 J - the +6 scimitar of Anguish {speed, Str+2 Stlth+}
   (You found it on level 8 of the Dungeon)

   Str+2:     It affects your strength (+2).
   Stlth+:    It makes you more stealthy.
Missiles
 d - 2 throwing nets
 g - 8 poisoned darts (quivered)
Armour
 b - a +0 scale mail
 c - a +0 buckler (worn)
 l - a +0 pair of boots (worn)
 q - a +0 pair of gloves (worn)
 z - a +0 chain mail (worn)
Jewellery
 p - an amulet of reflection (around neck)
 v - a ring of willpower (left hand)
 w - a ring of positive energy (right hand)
 C - a ring of wizardry
 H - a ring of positive energy
Wands
 A - a wand of iceblast (17)
 K - a wand of flame (9)
Scrolls
 e - 6 scrolls of teleportation
 h - a scroll of fear {unknown}
 j - a scroll of enchant armour {unknown}
 k - a scroll of poison {unknown}
 m - a scroll of torment {unknown}
 n - 2 scrolls of noise {unknown}
 o - a scroll of enchant weapon {unknown}
 x - a scroll of brand weapon {unknown}
 y - 2 scrolls of fog {unknown}
 B - a scroll of silence {unknown}
 D - a scroll of acquirement {unknown}
 F - a scroll of amnesia {unknown}
Potions
 f - a potion of resistance
 i - 2 potions of heal wounds
 r - 2 potions of haste
 s - 2 potions of attraction
 E - a potion of berserk rage {unknown}
 G - a potion of degeneration {unknown}
 I - a potion of curing


   Skills:
 + Level 6.7 Fighting
 - Level 3.1(4.6) Axes
 * Level 5.2(6.1) Maces & Flails
 - Level 3.3(4.7) Staves
 + Level 8.5 Armour
 + Level 3.1 Dodging
 - Level 0.2 Stealth
 + Level 8.6 Shields
 + Level 0.1 Invocations
 * Level 3.7 Evocations


You had 9 spell levels left.
You didn't know any spells.
Your spell library contained the following spells:

 Spells                   Type           Power      Damage    Failure   Level
 Ensorcelled Hibernation  Hex/Ice        0%         N/A       97%         2
 Jinxbite                 Hex            0%         N/A       97%         2
 Anguish                  Hex/Necr       0%         N/A       100%        4
 Brom's Barrelling Bould  Conj/Erth      0%         2d3       100%        4
 Fireball                 Conj/Fire      0%         3d3       100%        5
 Iskenderun's Battlesphe  Conj           0%         2d6       100%        5
 Conjure Ball Lightning   Conj/Air       0%         3x3d6     100%        6
 Orb of Destruction       Conj           0%         9d5       100%        7


Dungeon Overview and Level Annotations

Branches:
Dungeon (8/15)             Temple (1/1) D:6          Bailey (1/1)
   Lair: D:8-11

Altars:
Ashenzari
Cheibriados
Dithmenos
Elyvilon
Fedhas
Gozag
Kikubaaqudgha
Makhleb
Nemelex Xobeh
Okawaru
Ru
Sif Muna
Trog
Uskayaw
Vehumet
Wu Jian
Yredelemnul
Zin
The Shining One

Shops:
D:3 :!:[


Innate Abilities, Weirdness & Mutations

You cannot be hasted, slowed, berserked, paralysed or teleported.
You can dig through walls and to a lower floor.
You have a pair of large antennae on your head. (SInv)
Your four strong arms can wield two-handed weapons with a shield.


Message History

The orc warrior is almost dead.
You hit the orc warrior. The orc warrior closely misses you.
The orc warrior barely misses you.
The orc warrior hits you with a +0 broad axe.
The orc warrior hits you with a +0 broad axe!
* * * LOW HITPOINT WARNING * * *
You hit the orc warrior.
You kill the orc warrior!
Okawaru accepts your kill.
You miss the goblin. You block the goblin's attack. x2
You hit the goblin.
You kill the goblin!
Okawaru accepts your kill.
The orc warrior hits you with a +0 broad axe.
* * * LOW HITPOINT WARNING * * *
You closely miss the orc warrior.
The orc warrior is moderately wounded.
You block the orc warrior's attack.
You barely miss the orc warrior.
The orc warrior is moderately wounded.
You block the orc warrior's attack.
The orc warrior hits you but does no damage.
You closely miss the orc warrior.
The orc warrior is moderately wounded.
You block the orc warrior's attack.
You slash the orc warrior!
The orc warrior is heavily wounded.
You block the orc warrior's attack.
You barely miss the orc warrior.
The orc warrior is heavily wounded.
You block the orc warrior's attack. The orc warrior barely misses you.
You hit the orc warrior.
The orc warrior is severely wounded.
The orc warrior barely misses you.
You hit the orc warrior.
The orc warrior is severely wounded.
The orc warrior hits you with a +0 broad axe!
* * * LOW HITPOINT WARNING * * *
The orc warrior hits you with a +0 broad axe!
You die...

#.....#.~≈≈≈≈..... {
#....)'........... {{
#..⌠.)'..........∩ {
#.....'........... { {
#.....#.~≈≈≈≈.....
#####''#.~≈≈≈≈.....
#......#.~≈≈≈≈.#### {
#..)...#.~≈≈≈≈≈#
###########.@.######≈≈≈≈≈#
, ,#.....[)8.8o8.# #≈≈≈≈≈#
....'.....#.......# {{
+#..############### #.. ##


You could see an orc warrior.

Vanquished Creatures
  5 yaks
  2 steam dragons
  A black bear (D:4)
  An ice beast (D:7)
  3 orc warriors (Bailey)
  A sky beast (D:5)
  5 centaurs
  An ogre (D:6)
  A phantom (D:5)
  A kobold brigand (D:8)
  2 gnoll sergeants (D:6)
  2 bullfrogs
  2 scorpions
  A hound (D:5)
  An orc priest (D:4)
  2 gnoll boudas (D:6)
  Ijyb (D:5)
  2 iguanas
  2 sleepcaps
  4 orc wizards
  23 gnolls
  8 adders
  A shadow imp (D:7)
  3 worms (D:3)
  A dart slug (D:4)
  35 orcs
  7 endoplasms
  3 giant cockroaches
  14 goblins
  8 hobgoblins
  2 jackals (D:2)
  12 kobolds
  4 quokkas
  5 ball pythons
  5 bats
  6 frilled lizards
  A rat (D:3)
178 creatures vanquished.

Notes
Turn   | Place    | Note
-------+----------+-------------------------------------------
     0 | D:1      | bmb222 the Formicid Fighter began the quest for the Orb.
     0 | D:1      | Reached XP level 1. HP: 18/18 MP: 1/1
    43 | D:1      | Reached XP level 2. HP: 21/24 MP: 2/2
   325 | D:1      | Found a faded altar of an unknown god.
   542 | D:2      | Reached XP level 3. HP: 29/29 MP: 3/3
  1075 | D:2      | Reached XP level 4. HP: 30/35 MP: 4/4
  1660 | D:3      | Found a white marble altar of Elyvilon.
  1728 | D:3      | Found Gunku's Book Boutique.
  1748 | D:3      | Found Rahoeske's Armour Shop.
  1901 | D:3      | Found Isaicelu's Distillery.
  2023 | D:3      | Found Duen's Book Boutique.
  2101 | D:3      | Reached XP level 5. HP: 33/42 MP: 5/5
  2204 | D:3      | Found a glowing drain.
  2208 | D:3      | Identified the +5 quarterstaff of Zin's Generosity {heavy,
                  | rN+ rCorr Dex+3}
  2663 | D:4      | Found a shadowy altar of Dithmenos.
  2673 | D:4      | Found a glowing golden altar of the Shining One.
  2788 | D:4      | Noticed a black bear
  2797 | D:4      | Killed a black bear
  2798 | D:4      | Reached skill level 1 in Dodging
  2798 | D:4      | Reached XP level 6. HP: 44/48 MP: 6/6
  3156 | D:4      | Reached XP level 7. HP: 24/54 MP: 7/7
  3807 | D:5      | Entered Level 5 of the Dungeon
  3816 | D:5      | Found a shimmering blue altar of Sif Muna.
  3817 | D:5      | Found a blossoming altar of Fedhas.
  3874 | D:5      | Reached skill level 5 in Armour
  3883 | D:5      | Reached skill level 1 in Maces & Flails
  3917 | D:5      | Reached skill level 5 in Shields
  4058 | D:5      | Noticed Ijyb
  4075 | D:5      | Killed Ijyb
  4362 | D:5      | Reached XP level 8. HP: 52/61 MP: 8/8
  5094 | D:6      | Found a bloodstained altar of Trog.
  5473 | D:6      | Reached skill level 5 in Fighting
  5549 | D:6      | Found a burning altar of Makhleb.
  5760 | D:6      | Found a staircase to the Ecumenical Temple.
  5874 | Temple   | Entered the Ecumenical Temple
  5880 | Temple   | Became a worshipper of Warmaster Okawaru
  6072 | D:7      | Reached XP level 9. HP: 61/68 MP: 9/9
  6180 | D:6      | Reached skill level 1 in Evocations
  6381 | D:7      | Reached * piety under Okawaru
  6844 | D:7      | Found a glowing silver altar of Zin.
  7050 | D:7      | Reached ** piety under Okawaru
  7608 | D:8      | Reached XP level 10. HP: 8/77 MP: 10/10
  7824 | D:8      | Identified the +6 scimitar of Anguish {speed, Str+2 Stlth+}
  7830 | D:8      | Found a flagged portal.
  7857 | Bailey   | Entered a bailey
  8301 | Bailey   | Reached skill level 5 in Maces & Flails
  8508 | Bailey   | HP: 2/77 [orc warrior/+0 broad axe (13)]
  8508 | Bailey   | Slain by an orc warrior

Illustrated notes

Levels and vault maps discovered:
D:1:      dpeg_arrival_rooms_c, layout_rooms, basic_ecumenical_altar,
          chequers_hall_statues_y
D:2:      layout_basic
D:3:      layout_loops_corners, mainiacjoe_overflow_six_doors_small,
          serial_shops, nicolae_book_shop_shelving, nicolae_shop_tiny_glass,
          shop, shop, cheibrodos_sewer_entry_bend, corner_web_ring,
          chequers_serial_rivers_micro_a, chequers_serial_rivers_small_3,
          minmay_door_square
D:4:      layout_loops_ring, nicolae_overflow_squiral, minmay_misc_feat_hallway,
          kennysheep_minor_cross
D:5:      layout_cave_pools, gammafunk_temple_overflow_statue,
          nicolae_ossuary_entry_ruins, serial_co_window_serial,
          co_window_corner_a, co_window_paths_b, co_window_corner_a,
          co_window_corner_a, co_window_corner_a, co_window_cross_4,
          co_window_broadway_c, co_window_cross_4, co_window_2corner,
          co_window_corner_b, co_window_4corner_a, glass_columns_a,
          glass_columns_a, glass_columns_a, uniq_ijyb
D:6:      layout_gridville, mainiacjoe_overflow_concentric_impassable,
          lemuel_round_altar, minmay_temple_entry_enclosed_plants
D:7:      layout_cave_pools, zin_scriptorium
D:8:      layout_basic, grunt_qazlal_clouds, enter_bailey_3
Temple:   nicolae_temple_bog_church
Bailey:   bailey_axe_of_yendor_kennysheep, bailey

Skill      XL: |  1  2  3  4  5  6  7  8  9 10 |
---------------+-------------------------------+-----
Armour         | 4 5 7 8 |  8.5
Axes           | 3 |  3.1
Fighting       | 4 5 6 |  6.7
Staves         | 2 3 |  3.3
Dodging        | 1 2 3 |  3.1
Maces & Flails | 2 3 4 5 |  5.2
Shields        | 5 6 8 |  8.6
Evocations     | 3 |  3.7
Stealth        | |  0.2
Invocations    | |  0.1

Action                     |  1- 3 |  4- 6 |  7- 9 | 10-12 || total
---------------------------+-------+-------+-------+-------++-------
  Melee: War axe           |   100 |    53 |   295 |    76 ||   524
         Quarterstaff      |       |    75 |     2 |       ||    77
         Broad axe         |       |       |       |    20 ||    20
 Invoke: Heroism           |       |       |     1 |     1 ||     2
Ability: Dig               |       |       |       |     1 ||     1
    Use: Potion            |       |       |     6 |       ||     6
         Scroll            |       |       |       |     4 ||     4
 Armour: Scale mail        |    94 |   121 |    19 |       ||   234
         Chain mail        |       |       |   258 |    62 ||   320
  Dodge: Dodged            |    54 |    69 |   162 |    46 ||   331
  Block: Buckler           |    26 |    45 |   227 |    59 ||   357
         Reflection        |       |       |    10 |     2 ||    12

Table legend: (Time is in decaauts)
 A = Elapsed time spent in this place.
 B = Non-inter-level travel time spent in this place.
 C = Inter-level travel time spent in this place.
 D = Time resting spent in this place.
 E = Time spent auto-exploring this place.
 F = Levels seen in this place.
 G = Mean time per level.
                   A        B        C        D        E       F      G
               +--------+--------+--------+--------+--------+-----+--------+
         Total |   8771 |   8473 |    298 |   1658 |   4989 |  10 |  877.1 |
       Dungeon |   8087 |   7790 |    297 |   1169 |   4977 |   8 | 1010.9 |
        Temple |     12 |     12 |      0 |      0 |      0 |   1 |   12.0 |
        Bailey |    670 |    670 |      0 |    489 |     12 |   1 |  670.0 |
               +--------+--------+--------+--------+--------+-----+--------+

Top non-repeatable levels by time:
     D:4: 1355 daAuts
     D:5: 1233 daAuts
     D:7: 1197 daAuts
     D:6: 1161 daAuts
     D:3: 1094 daAuts
     D:2: 1046 daAuts
  Bailey: 670 daAuts
     D:8: 504 daAuts
     D:1: 494 daAuts
  Temple: 12 daAuts
